 Dungeon Crawl Stone Soup version 0.25-a0-651-g8c222c7a2b (webtiles) character file.

Game seed: 9262434330423831551, levelgen mode: deterministic

2783 Kohma the Slicer (level 9, -7/55 HPs)
             Began as a Demonspawn Ice Elementalist on Mar 22, 2020.
             Was a Believer of Hepliaklqana.
             Shot with an arrow by a centaur (10 damage)
             ... on level 7 of the Dungeon.
             The game lasted 00:25:35 (7368 turns).

Kohma the Slicer (Demonspawn Ice Elementalist)      Turns: 7368, Time: 00:25:35

Health: -7/55      AC:  9    Str: 10    XL:     9   Next: 43%
Magic:  10/13      EV: 15    Int: 19    God:    Hepliaklqana [**....]
Gold:   382        SH:  0    Dex: 17    Spells: 5/13 levels left

rFire    . . .     SeeInvis .   C - +0 dagger (flame)
rCold    . . .     Gourm    .   (no shield)
rNeg     . . .     Faith    .   v - +0 troll leather armour {Purgy}
rPois    .         Spirit   .   o - +2 hat
rElec    .         Reflect  .   B - +2 cloak
rCorr    .         Harm     .   (no gloves)
MR       .....                  (no boots)
Stlth    +++.......             (no amulet)
HPRegen  0.58/turn              n - ring of wizardry
MPRegen  0.13/turn              A - +3 ring of evasion

@: frozen ramparts
A: reduced essence, hooves 1, thin skeletal structure 2, powered by pain 1
a: Recall Ancestor, Ancestor Identity, Renounce Religion


You were on level 7 of the Dungeon.
You worshipped Hepliaklqana.
Hepliaklqana was pleased with you.
You were not hungry.

You visited 2 branches of the dungeon, and saw 8 of its levels.
You also visited: Sewer.

You collected 382 gold pieces.

Inventory:

Hand Weapons
 u - a +2 falchion of freezing
 C - a +0 dagger of flaming (weapon)
Missiles
 b - 281 stones (quivered)
 s - 21 poisoned darts
Armour
 o - a +2 hat (worn)
 v - a +0 troll leather armour (worn) {Purgy}
 B - a +2 cloak (worn)
Jewellery
 n - a ring of wizardry (left hand)
 A - a +3 ring of evasion (right hand)
Wands
 y - a wand of iceblast (10)
Scrolls
 d - 3 scrolls of identify
 g - 2 scrolls of fog {unknown}
 h - 3 scrolls of enchant weapon {unknown}
 i - 3 scrolls of teleportation {unknown}
 j - 2 scrolls of remove curse {unknown}
 k - 2 scrolls of enchant armour
 m - a scroll of blinking {unknown}
 t - a scroll of immolation {unknown}
 F - a scroll of magic mapping {unknown}
Potions
 a - a potion of brilliance {unknown}
 e - 2 potions of stabbing
 f - a potion of curing
 p - a potion of berserk rage {unknown}
 q - a potion of lignification {unknown}
 r - 2 potions of flight {unknown}
 w - a potion of haste {unknown}
 x - a potion of degeneration {unknown}
 z - 3 potions of heal wounds {unknown}
 D - a potion of invisibility {unknown}
 E - a potion of might {unknown}
Comestibles
 c - 12 rations
 l - 8 chunks of flesh


   Skills:
 + Level 2.9 Fighting
 - Level 10.0 Short Blades
 - Level 1.7 Dodging
 - Level 4.0 Stealth
 + Level 2.8 Spellcasting
 + Level 1.9 Summonings
 - Level 5.0 Ice Magic


You had 5 spell levels left.
You knew the following spells:

 Your Spells              Type           Power        Failure   Level  Hunger
a - Freeze                Ice            ###.         1%          1    None
b - Frozen Ramparts       Ice            ###...       3%          3    ###....
c - Summon Ice Beast      Ice/Summ       ###.....     21%         4    ####...

Your spell library contained the following spells:

 Spells                   Type           Power        Failure   Level  Hunger
 Ozocubu's Armour         Chrm/Ice       ##......     9%          3    ###....
 Hailstorm                Conj/Ice       ##......     28%         4    ####...


Dungeon Overview and Level Annotations

Branches:
Dungeon (7/15)             Temple (1/1) D:6           Sewer (visited)

Altars:
Ashenzari
Cheibriados
Dithmenos
Elyvilon
Fedhas
Gozag
Hepliaklqana
Kikubaaqudgha
Nemelex Xobeh
Okawaru
Qazlal
Ru
Sif Muna
Trog
Uskayaw
Vehumet
Wu Jian
Xom
Yredelemnul
Zin
The Shining One


Innate Abilities, Weirdness & Mutations

You have large cloven feet.
You have a moderately thin skeletal structure. (Dex +4, Stealth+)
You sometimes gain a little power by taking damage.
Your life essence is reduced to manifest your ancestor. (-10% HP)


Message History

The wall releases a blast of icicles at the orc!
You kill the orc!
The wall releases a blast of icicles at the worker ant!
The worker ant is encased in ice.
The walls release a blast of icicles at the centaur!
The centaur wields a +0 shortbow.
The centaur shoots an arrow.
The arrow hits you!
* * * LOW HITPOINT WARNING * * *
You focus on the pain.
You feel your power returning.
You see here an arrow.
The walls release a blast of icicles at the centaur!
The centaur shoots an arrow.
The arrow hits you.
* * * LOW HITPOINT WARNING * * *
The wall releases a blast of icicles at the worker ant!
The walls release a blast of icicles at the centaur!
You see here an arrow.
The wall releases a blast of icicles at the worker ant!
The walls release a blast of icicles at the centaur!
The centaur shoots an arrow.
The arrow hits you!
You die...

########...#.......
#.....###..#.......
##.._....##.)#.....
#.._8.....).....#
#..._....))##..##
#..............#
#.#####.....<..###
#.# ####........#
#.# #.#.......@.#
#.####.#........(#
#..............(##
#####.....(..aRc#
##.....((....#
#........()###
#..........(h#
##.#......#..c.#
###...####.##a....


You could see the friendly .|.. the hexer, a centaur and a worker ant.

Vanquished Creatures
  A hungry ghost (D:6)
  Edmund (D:5)
  Duvessa (D:5)
  2 orc warriors (D:6)
  Purgy (Sewer)
  A phantom (D:6)
  2 ogres (D:4)
  A gnoll sergeant (D:7)
  Dowan (D:5)
  A wyvern skeleton (D:5)
  2 howler monkeys
  4 crimson imps
  A bullfrog zombie (D:5)
  2 hounds
  4 orc wizards (D:6)
  A jelly (D:7)
  An orc priest (D:4)
  A centaur skeleton (D:5)
  3 iguanas
  6 worker ants
  6 gnolls
  2 howler monkey skeletons
  9 adders
  An ooze (D:1)
  An adder skeleton (D:5)
  4 worms
  6 leopard geckos
  18 orcs
  A ball python (D:4)
  5 giant cockroaches
  4 goblins
  10 hobgoblins
  20 jackals
  20 kobolds
  3 quokkas
  A ball python skeleton (D:4)
  14 bats
  6 frilled lizards
  11 rats
179 creatures vanquished.

Vanquished Creatures (collateral kills)
  Prince Ribbit (D:7)
  A phantom (D:6)
  A howler monkey (D:4)
  2 crimson imps
  A bullfrog skeleton (D:5)
  2 hounds
  2 orc wizards (D:6)
  Jessica (D:3)
  A hound zombie (D:5)
  A hound skeleton (D:5)
  A worker ant zombie (D:5)
  An adder (D:5)
  3 gnolls
  A howler monkey skeleton (D:6)
  A shadow imp (D:5)
  An adder skeleton (D:6)
  2 orcs
  2 goblins (D:3)
  A hobgoblin (D:2)
  2 jackals
  A bat (Sewer)
  3 kobolds
  A quokka skeleton (D:6)
33 creatures vanquished.

Vanquished Creatures (others)
  A hexer (D:7)
  4 ancestors
  An orc (D:4)
6 creatures vanquished.

Grand Total: 218 creatures vanquished

Notes
Turn   | Place    | Note
-------+----------+-------------------------------------------
     0 | D:1      | Kohma the Demonspawn Ice Elementalist began the quest for
                  | the Orb.
     0 | D:1      | Reached XP level 1. HP: 13/13 MP: 3/3
   116 | D:1      | Reached skill level 1 in Fighting
   119 | D:1      | Gained mutation: You have a somewhat thin skeletal
                  | structure. (Dex +2, Stealth) [demonic ancestry]
   119 | D:1      | Reached XP level 2. HP: 4/21 MP: 0/5
  1177 | D:1      | Reached XP level 3. HP: 27/27 MP: 6/6
  1182 | D:1      | Learned a level 3 spell: Frozen Ramparts
  1781 | D:2      | Reached skill level 1 in Short Blades
  1781 | D:2      | Reached XP level 4. HP: 6/33 MP: 1/7
  2102 | D:2      | Found a hazy altar of Hepliaklqana.
  2114 | D:2      | Became a worshipper of Hepliaklqana the Forgotten
  2562 | D:2      | Found a sparkling altar of Nemelex Xobeh.
  2877 | D:2      | Found a bloodstained altar of Trog.
  2883 | D:2      | Found a snail-covered altar of Cheibriados.
  2962 | D:3      | Noticed Jessica
  2964 | D:3      | Killed Jessica
  2964 | D:3      | Reached XP level 5. HP: 34/34 MP: 5/8
  2987 | D:3      | Reached skill level 2 in Short Blades
  3195 | D:3      | Learned a level 4 spell: Summon Ice Beast
  3558 | D:3      | Found a radiant altar of Vehumet.
  3737 | D:4      | Found a stormy altar of Qazlal.
  3761 | D:4      | Gained mutation: You have large cloven feet. [demonic
                  | ancestry]
  3761 | D:4      | Reached XP level 6. HP: 39/39 MP: 9/9
  3802 | D:4      | Reached skill level 5 in Ice Magic
  3904 | D:4      | Found a glowing drain.
  3906 | D:4      | Reached * piety under Hepliaklqana
  3922 | D:4      | Reached skill level 3 in Short Blades
  4041 | Sewer    | Entered a sewer
  4084 | Sewer    | Noticed Purgy
  4107 | Sewer    | Killed Purgy
  4204 | D:4      | Reached skill level 4 in Short Blades
  4204 | D:4      | Gained mutation: You sometimes gain a little power by
                  | taking damage. [demonic ancestry]
  4204 | D:4      | Reached XP level 7. HP: 44/45 MP: 6/10
  4758 | D:4      | Reached skill level 5 in Short Blades
  4955 | D:5      | Entered Level 5 of the Dungeon
  4955 | D:5      | Noticed Dowan
  4956 | D:5      | Noticed Duvessa
  5202 | D:5      | Reached skill level 6 in Short Blades
  5401 | D:5      | Gained mutation: You have a moderately thin skeletal
                  | structure. (Dex +4, Stealth+) [demonic ancestry]
  5401 | D:5      | Reached XP level 8. HP: 47/50 MP: 7/11
  5563 | D:5      | Reached skill level 7 in Short Blades
  5650 | D:5      | Killed Duvessa
  5654 | D:5      | Killed Dowan
  5764 | D:5      | Noticed Edmund
  5840 | D:5      | Killed Edmund
  5840 | D:5      | Reached skill level 8 in Short Blades
  6370 | D:6      | Reached skill level 9 in Short Blades
  6410 | D:6      | Found an iron altar of Okawaru.
  6444 | D:6      | Reached XP level 9. HP: 8/54 MP: 10/12
  6458 | D:6      | Reached ** piety under Hepliaklqana
  6486 | D:6      | Remembered your ancestor .|.. as a hexer
  6694 | D:6      | Found a white marble altar of Elyvilon.
  6811 | D:6      | Found a shadowy altar of Dithmenos.
  6838 | D:6      | Reached skill level 10 in Short Blades
  6885 | D:6      | Found a staircase to the Ecumenical Temple.
  6894 | Temple   | Entered the Ecumenical Temple
  7203 | D:7      | Found an ornate altar of the Wu Jian Council.
  7203 | D:7      | Found an ancient bone altar of Kikubaaqudgha.
  7205 | D:7      | Found a shimmering altar of Xom.
  7243 | D:7      | Reached skill level 1 in Summonings
  7351 | D:7      | Noticed Prince Ribbit
  7363 | D:7      | Killed Prince Ribbit
  7368 | D:7      | Shot with an arrow by a centaur

Levels and vault maps discovered:
D:1:      saegor_arrival_miasma, layout_basic
D:2:      wander_river, layout_loops_ring, nemelex_xobeh_ov_fountains_minmay,
          lemuel_doored_altar, amethyst_overflow_temple_binary
D:3:      layout_rooms, vehumet_crystals, first_ration, uniq_jessica
D:4:      layout_gridville, lemuel_crystal_altar, cheibrodos_sewer_entry_drain,
          hex_large
D:5:      minmay_razor_zed, layout_rooms, uniq_duvessa, uniq_edmund
D:6:      layout_basic, lemuel_crystal_altar, grunt_dithmenos_shadows,
          minmay_temple_entry_trees, okawaru_altar_gauntlet_db
D:7:      layout_cave_pools, makhleb_blood_cavern_becter,
          chequers_temple_overflow_statue_of_worship, enter_ossuary_1,
          uniq_crazy_yiuf_cottage, uniq_prince_ribbit1, uniq_menkaure
Temple:   cyrus_temple_forest

Skill      XL: |  1  2  3  4  5  6  7  8  9 |
---------------+----------------------------+-----
Fighting       | 1 2 |  2.9
Ice Magic      | 4 5 |  5.0
Stealth        | 2 3 4 |  4.0
Short Blades   | 1 2 4 6 9 10 | 10.0
Summonings     | 1 |  1.9
Dodging        | |  1.7
Spellcasting   | |  2.8

Action                   |  1- 3 |  4- 6 |  7- 9 || total
-------------------------+-------+-------+-------++-------
Melee: Club              |     6 |       |       ||     6
       Unarmed           |     3 |       |       ||     3
       Dagger            |    48 |    75 |   269 ||   392
       Kick              |       |       |    49 ||    49
Throw: Stone             |       |     2 |       ||     2
 Cast: Freeze            |    21 |     8 |    41 ||    70
       Frozen Ramparts   |     7 |    28 |    54 ||    89
Invok: Ancestor Identity |       |     1 |       ||     1
       Ancestor Life: He |       |       |     1 ||     1
  Use: Scroll            |       |     3 |       ||     3
 Stab: Sleeping          |     6 |     4 |     1 ||    11
       Distracted        |       |       |     1 ||     1
  Eat: Chunk             |     4 |    10 |    15 ||    29
       Ration            |       |       |     1 ||     1
Armor: Robe              |     1 |    36 |       ||    37
       Troll leather arm |       |       |    70 ||    70
Dodge: Dodged            |    46 |    63 |   157 ||   266

Table legend:
 A = Non-vault XP
 B = Vault XP
 C = Vault XP percentage of total XP
 D = Non-vault monster count
 E = Vault monster count
 F = Vault count percentage of total count
                 A         B        C        D         E       F
            +---------+---------+-------+---------+---------+-------
      Total |    2828 |    1148 |  28.9 |     186 |      27 |  12.7
            +---------+---------+-------+---------+---------+-------
        D:1 |      61 |       0 |   0.0 |      34 |       0 |   0.0
        D:2 |     102 |       0 |   0.0 |      30 |       0 |   0.0
        D:3 |     152 |      37 |  19.6 |      35 |       1 |   2.8
        D:4 |     593 |       6 |   1.0 |      19 |       3 |  13.6
        D:5 |     558 |     543 |  49.3 |      26 |       9 |  25.7
        D:6 |    1133 |     142 |  11.1 |      34 |       7 |  17.1
        D:7 |     229 |     286 |  55.5 |       8 |       1 |  11.1
      Sewer |       0 |     134 | 100.0 |       0 |       6 | 100.0
            +---------+---------+-------+---------+---------+-------
